 Dungeon Crawl Stone Soup version 0.28.0 (webtiles) character file.

Game seed: 15031604559952937877

2 willcat the Sneak (level 1, -2/14 HPs)
             Began as a Kobold Delver on Feb 5, 2022.
             Shot with a bolt by a kobold (3 damage)
             ... on level 7 of the Dungeon.
             The game lasted 00:00:41 (363 turns).

willcat the Sneak (Kobold Delver)                    Turns: 363, Time: 00:00:42

Health: -2/14      AC:  6    Str:  9    XL:     1   Next: 44%
Magic:  1/1        EV: 14    Int: 11    God:
Gold:   0          SH:  0    Dex: 16    Spells: 0/0 levels left

rFire   . . .      SeeInvis .   a - +0 short sword
rCold   . . .      Faith    .   (no shield)
rNeg    . . .      Spirit   .   b - +0 leather armour
rPois   .          Reflect  .   (no helmet)
rElec   .          Harm     .   h - +2 cloak
rCorr   .          Rampage  .   (no gloves)
Will    .....                   (no boots)
Stlth   ++++......              (no amulet)
HPRegen 0.04/turn               (no ring)
MPRegen 0.07/turn               (no ring)

@: no status effects
A: small, no large weapons, nightstalker 3
a: no special abilities


You were on level 7 of the Dungeon.
You visited 1 branch of the dungeon, and saw 3 of its levels.

Inventory:

Hand Weapons
 a - a +0 short sword (weapon)
Armour
 b - a +0 leather armour (worn)
 h - a +2 cloak (worn)
Wands
 g - a wand of digging (3)
 i - a wand of charming (5)
Scrolls
 c - a scroll of fog
 d - a scroll of magic mapping
 e - a scroll of fear
 j - a scroll of enchant armour {unknown}
 k - a scroll of identify {unknown}
Potions
 f - a potion of haste


   Skills:
 - Level 3.2 Fighting
 + Level 2.8 Short Blades
 + Level 2.5 Dodging
 + Level 6.6 Stealth


You couldn't memorise any spells.
You didn't know any spells.
Your spell library contained the following spells:

 Spells                   Type           Power      Damage    Failure   Level
 Dazzling Flash           Conj/Hex       0%         N/A       83%         3
 Iskenderun's Mystic Bla  Conj/Tloc      0%         2d3       99%         4
 Starburst                Conj/Fire      0%         6d3       100%        6


Dungeon Overview and Level Annotations

Branches:
Dungeon (7/15)
 Temple: D:4-7

Altars:


Innate Abilities, Weirdness & Mutations

You are small and have problems with some larger weapons.
You are completely attuned to the shadows.


Message History

The kobold hits you with a +0 short sword.
The kobold brigand hits you with a +0 short sword.
Unknown command.
Aiming: Charm
Press: ? - help, Shift-Dir - straight line, f/p - kobold brigand
Aim: a kobold brigand, wielding a +0 short sword and quivering curare-tipped darts (chance to affect: 49%)
The kobold brigand is charmed.
The kobold shouts!
A kobold comes into view. It is wielding a +0 short sword.
The kobold closely misses you.
Unknown command.
What are your orders? t - Shout!
Orders for allies: a - Attack new target. p - Attack previous target. r - Retreat! s - Stop attacking. g - Guard the area. f - Follow me.
Anything else - Cancel.
Gang up on whom?
Press: ? - help, Dir - move target, f - kobold, p - kobold brigand
Aim: a kobold, wielding a +0 short sword and quivering stones (moderately wounded) Attack!
The kobold barely misses you.
A slime creature comes into view.
Your kobold brigand hits the kobold with a +0 short sword.
The kobold dies!
The kobold unwields a +0 short sword.
The kobold wields a +0 hand crossbow.
The kobold shoots a bolt.
The bolt hits you.
* * * LOW HITPOINT WARNING * * *
What are your orders? t - Shout!
Orders for allies: a - Attack new target. r - Retreat! s - Stop attacking. g - Guard the area. f - Follow me.
Anything else - Cancel.
Gang up on whom?
Press: ? - help, Dir - move target, f - kobold
Aim: a kobold, wielding a +0 hand crossbow and quivering bolts Attack!
The kobold barely misses you.
Unknown command.
The kobold shoots a bolt.
The bolt hits you.
You die...

....#...#
..#.#...#
.....#.####
...#....## #..#
.........# ...###
#.....<.# ##..J..
#.......###
#..KK..
#.###.....###..).#
#.....(.@.K..#
#..............
#..............
......###...##.
..<..# ##..#


You could see a slime creature, 2 kobolds and a friendly kobold brigand
(charmed).

Vanquished Creatures
  An orc (D:5)
1 creature vanquished.

Vanquished Creatures (collateral kills)
  A kobold (D:7)
1 creature vanquished.

Grand Total: 2 creatures vanquished

Notes
Turn   | Place    | Note
-------+----------+-------------------------------------------
     0 | D:5      | willcat the Kobold Delver began the quest for the Orb.
     0 | D:5      | Reached XP level 1. HP: 14/14 MP: 1/1
    12 | D:5      | Noticed an orc wizard
   322 | D:6      | Noticed an orc priest
   354 | D:7      | Noticed a kobold brigand
   360 | D:7      | Noticed a slime creature
   363 | D:7      | Shot with a bolt by a kobold

Illustrated notes

Levels and vault maps discovered:
D:5:      layout_rooms, lemuel_tele_altar, minmay_temple_entry_fiery,
          minmay_misc_feat_rugged, uniq_prince_ribbit1
D:6:      layout_loops_cross, lemuel_round_altar, serial_shops,
          nicolae_shop_stone
D:7:      layout_cave_pools, nicolae_vehumet_radiance,
          nicolae_dithmenos_shadow_blocks, gammafunk_temple_overflow_wave,
          hellmonk_ghost_happy_afterlife

Action                   || total
-------------------------++-------
Melee: Short sword       ||     3
Evoke: Wand              ||     2
 Stab: Sleeping          ||     1
Dodge: Dodged            ||     4
